 Dungeon Crawl Stone Soup version 0.19-b1-5-gdc9fa9d (webtiles) character file.

1141 Jorund the Cleaver (level 8, -2/56 HPs)
             Began as a Demonspawn Gladiator on Oct 31, 2016.
             Was an Initiate of Okawaru.
             Slain by an ogre
             ... wielding a +0 giant club
              (24 damage)
             ... on level 5 of the Dungeon.
             The game lasted 00:08:28 (3879 turns).

Jorund the Cleaver (Demonspawn Gladiator)           Turns: 3879, Time: 00:08:29

Health: -2/56      AC: 10    Str: 18    XL:     8   Next: 14%
Magic:  8/8        EV: 12    Int:  9    God:    Okawaru [......]
Gold:   252        SH:  0    Dex: 14    Spells: 0 memorised, 7 levels left

rFire  . . .     SeeInvis +     a - +1 war axe
rCold  + . .     Gourm    .     A - +0 ring mail
rNeg   . . .     Faith    .     (no shield)
rPois  .         Spirit   .     (helmet restricted)
rElec  .         Reflect  .     j - +1 cloak
rCorr  .         Harm     .     (no gloves)
MR     .....                    (no boots)
Stlth  +.........               (no amulet)
                                v - ring of protection from cold
                                q - ring of see invisible

@: no status effects
A: horns 2, icy blue scales 1, powered by death 2
a: Renounce Religion


You were on level 5 of the Dungeon.
You worshipped Okawaru.
Okawaru was noncommittal.
You were not hungry.

You visited 2 branches of the dungeon, and saw 6 of its levels.

You collected 252 gold pieces.

Inventory:

Hand Weapons
 a - a +1 war axe (weapon)
 x - a +0 blowgun
Missiles
 d - 3 throwing nets (quivered)
 y - 17 poisoned needles
Armour
 c - a +0 helmet
 j - a +1 cloak (worn)
 A - a +0 ring mail (worn)
Jewellery
 q - a ring of see invisible (left hand)
 v - a ring of protection from cold (right hand)
Scrolls
 i - a scroll of remove curse
 r - a scroll of recharging
Potions
 b - a potion of mutation {unknown}
 e - a potion of degeneration {unknown}
 h - 3 potions of haste
 l - a potion of cure mutation {unknown}
 m - a potion of brilliance
 n - 3 potions of berserk rage {unknown}
 o - a potion of ambrosia {unknown}
 u - 7 potions of curing
Books
 k - a book of Cantrips

   Spells                             Type                      Level
   a - Confusing Touch                Hexes                        1
   b - Animate Skeleton               Necromancy                   1
   c - Summon Small Mammal            Summoning                    1
   d - Apportation                    Translocation                1
Comestibles
 f - 6 bread rations
 g - 2 slices of pizza
 p - 2 meat rations
 w - a royal jelly
 z - a beef jerky


   Skills:
 - Level 2.0 Fighting
 + Level 8.3 Axes
 - Level 1.7 Throwing
 + Level 4.0 Armour
 - Level 2.6 Dodging


You had 7 spell levels left.
You didn't know any spells.

Dungeon Overview and Level Annotations

Branches:
Dungeon (5/15)             Temple (1/1) D:4

Altars:
Ashenzari
Cheibriados
Dithmenos
Elyvilon
Fedhas
Gozag
Hepliaklqana
Kikubaaqudgha
Makhleb
Nemelex Xobeh
Okawaru
Qazlal
Ru
Sif Muna
Trog
Uskayaw
Vehumet
Xom
Yredelemnul
Zin
The Shining One

Annotations:
D:3 PhynixH2O's ghost, amateur DsAK


Innate Abilities, Weirdness & Mutations

You have a pair of horns on your head.
You are partially covered in icy blue scales. (AC +2)
You regenerate health from kills.


Message History

Okawaru accepts your kill.
You hit the ogre. The ogre hits you with a giant club!
The orc priest hits you with a club.
You hit the orc priest but do no damage.
The orc priest is heavily wounded.
You barely miss the phantom. You barely miss the ogre.
The orc priest hits you but does no damage.
The ogre barely misses you.
The phantom blinks!
Unknown command.
You closely miss the orc priest. You headbutt the orc priest!
You kill the orc priest!
Okawaru accepts your kill.
Your Armour skill increases to level 4!
You barely miss the ogre. The ogre hits you with a giant club!!
* * * LOW HITPOINT WARNING * * *
You are too injured to fight recklessly!
You hit the ogre.
The ogre is moderately wounded.
The ogre hits you with a giant club!!
You die...

#.......#.
#.........
#.......#.
#....W....
#.........
.......#
#)).##.#
#@§....#
#O).#....
#...####.
#......# .
###....#...
#......#.
#......§.
#......#.##
.............


You could see a phantom and an ogre.

Vanquished Creatures
  The ghost of Vesto the Skirmisher, a novice HOFi (D:4)
  A sky beast (D:5)
  A phantom (D:4)
  An ogre (D:4)
  2 howler monkeys
  A crimson imp (D:5)
  2 hounds
  4 orc priests
  Jessica (D:3)
  An orc wizard (D:4)
  2 worker ants (D:4)
  4 adders
  An adder skeleton (D:4)
  2 worms
  3 dart slugs
  5 leopard geckos
  20 orcs
  2 ball pythons
  8 bats
  4 giant cockroaches
  11 goblins
  6 hobgoblins
  6 jackals (D:3)
  A quokka (D:3)
  5 frilled lizards
  5 kobolds
  10 rats
110 creatures vanquished.

Notes
Turn   | Place    | Note
-------+----------+-------------------------------------------
     0 | D:1      | Jorund the Demonspawn Gladiator began the quest for the Orb.
     0 | D:1      | Reached XP level 1. HP: 16/16 MP: 1/1
    98 | D:1      | Reached skill level 3 in Axes
   115 | D:1      | Gained mutation: You are partially covered in icy blue scales. (AC +2) [demonic ancestry]
   115 | D:1      | Reached XP level 2. HP: 22/22 MP: 2/2
   561 | D:1      | Reached skill level 1 in Armour
   691 | D:1      | Reached XP level 3. HP: 27/27 MP: 3/3
  1138 | D:2      | Reached skill level 4 in Axes
  1470 | D:2      | Gained mutation: You regenerate a little health from kills. [demonic ancestry]
  1470 | D:2      | Reached XP level 4. HP: 32/33 MP: 4/4
  1818 | D:3      | Found a faded altar of an unknown god.
  1828 | D:3      | Noticed PhynixH2O's ghost (amateur DsAK)
  2494 | D:3      | Noticed Jessica
  2500 | D:3      | Killed Jessica
  2500 | D:3      | Reached skill level 5 in Axes
  2500 | D:3      | Reached XP level 5. HP: 38/38 MP: 5/5
  2885 | D:4      | Found a blossoming altar of Fedhas.
  3030 | D:4      | Noticed an ogre
  3047 | D:4      | Killed an ogre
  3047 | D:4      | Gained mutation: You have a pair of small horns on your head. [demonic ancestry]
  3047 | D:4      | Reached XP level 6. HP: 37/44 MP: 6/6
  3090 | D:4      | Noticed Vesto's ghost (novice HOFi)
  3111 | D:4      | Killed Vesto's ghost
  3111 | D:4      | Reached skill level 6 in Axes
  3111 | D:4      | Gained mutation: You have a pair of horns on your head. [demonic ancestry]
  3111 | D:4      | Reached XP level 7. HP: 16/50 MP: 7/7
  3200 | D:4      | Reached skill level 7 in Axes
  3632 | D:4      | Found a staircase to the Ecumenical Temple.
  3653 | Temple   | Entered the Ecumenical Temple
  3754 | Temple   | Became a worshipper of Warmaster Okawaru
  3842 | D:5      | Entered Level 5 of the Dungeon
  3875 | D:5      | Reached skill level 8 in Axes
  3875 | D:5      | Gained mutation: You regenerate health from kills. [demonic ancestry]
  3875 | D:5      | Reached XP level 8. HP: 33/56 MP: 8/8
  3879 | D:5      | Slain by an ogre

Skill      XL: |  1  2  3  4  5  6  7  8 |
---------------+-------------------------+-----
Axes           | 3 4 5 6 8 |  8.3
Armour         | 1 2 3 4 |  4.0
Fighting       | |  2.0
Throwing       | |  1.7
Dodging        | |  2.6

Action                   |  1- 3 |  4- 6 |  7- 9 || total
-------------------------+-------+-------+-------++-------
Melee: War axe           |   115 |   140 |   102 ||   357
       Headbutt          |       |     4 |    13 ||    17
  Use: Scroll            |       |    11 |       ||    11
       Potion            |       |     2 |       ||     2
 Stab: Sleeping          |     3 |       |       ||     3
  Eat: Chunk             |     2 |     5 |     3 ||    10
Armor: Leather armour    |    40 |    29 |       ||    69
       Ring mail         |       |    35 |    48 ||    83
Dodge: Dodged            |    93 |    93 |    82 ||   268
